 Dungeon Crawl Stone Soup version 0.26.1-2-gb8aa6d0cf2 (webtiles) character file.

Game seed: 568149904247154414

658461 Alarak the Conqueror (level 27, 0/273 HPs)
             Began as a Minotaur Berserker on Mar 19, 2021.
             Was a High Priest of Jiyva.
             Killed by divine providence
             ... invoked by a mummy priest
              (14 damage)
             ... on level 2 of the Tomb of the Ancients on Mar 20, 2021.
             The game lasted 07:16:10 (90161 turns).

Alarak the Conqueror (Minotaur Berserker)          Turns: 90161, Time: 07:16:10

Health: 0/273      AC: 31    Str: 32    XL:     27
Magic:  22/22      EV: 21    Int:  9    God:    Jiyva [*****.]
Gold:   4063       SH:  0    Dex: 18    Spells: 26/26 levels left

rFire    + + +     SeeInvis .   d - +8 frozen axe "Frostbite" {freezing cloud, *Noise +Fly rC+}
rCold    + + +     Faith    .   (shield currently unavailable)
rNeg     + + .     Spirit   .   D - +0 gold dragon scales
rPois    +         Reflect  .   B - +2 hat {Will+}
rElec    +         Harm     +   G - scarf {harm}
rCorr    +         Rampage  +   n - +0 pair of fencer's gloves {Riposte Dex+3}
Will     +++++     Clarity  +   Y - +2 pair of boots {rampage}
Stlth    ..........             I - amulet of the Four Winds {rN+ Will+++ Clar}
HPRegen  0.55/turn              E - ring of positive energy
MPRegen  0.18/turn              R - ring "Rovud" {Wiz rElec rF+ Str+8 Dex-3}

@: mighty, resistant, hasted and slowed, studying 2 skills
A: retaliatory headbutt, claws 1, horns 2, agile 1, blink, clarity, wild magic
1, evolution 1
}: 4/15 runes: serpentine, barnacled, slimy, silver
a: Blink, Renounce Religion, Evoke Flight, Request Jelly, Slimify, Cure Bad
Mutation


You were on level 2 of the Tomb of the Ancients.
You worshipped Jiyva.
Jiyva was extremely pleased with you.
You visited 11 branches of the dungeon, and saw 54 of its levels.
You visited the Abyss 1 time.
You visited 1 bazaar.
You also visited: Ossuary, Bailey, Volcano and Wizlab.

You collected 9005 gold pieces.
You spent 4942 gold pieces at shops.

Inventory:

Hand Weapons
 a - the +8 autumn katana {vorpal, Clar}
   (You found it on level 7 of the Dungeon)

   It inflicts extra damage upon your enemies.
   It protects you against confusion.
 d - the +8 frozen axe "Frostbite" (weapon) {freezing cloud, *Noise +Fly rC+}
   (You found it on level 3 of the Depths)

   It has been specially enchanted to freeze those struck by it, causing extra
   injury to most foes and up to half again as much damage against particularly
   susceptible opponents.
   It can also slow down cold-blooded creatures.
   It protects you from cold.
   It lets you fly.
   It may make noises in combat.
 j - the +8 mithril axe "Arga" {speed, Will+}
   (You took it off an orc warrior on level 7 of the Dungeon)

   Attacks with this weapon are significantly faster.
   It affects your willpower, your defense against some magical effects.
 s - a +6 double sword of flaming
Armour
 n - the +0 pair of fencer's gloves (worn) {Riposte Dex+3}
   (You found it in a volcano)

   It affects your dexterity (+3).
 p - a +2 kite shield
 B - a +2 hat of willpower (worn)
 D - +0 gold dragon scales (worn)
 G - a scarf of harm (worn)
 U - +1 pearl dragon scales
 Y - a +2 pair of boots of rampaging (worn)
Jewellery
 q - the ring "Vohuas" {Will+ Slay+2}
   (You took it off a deep elf demonologist on level 3 of the Elven Halls)

   [ring of willpower]

   It affects your accuracy and damage with ranged weapons and melee attacks
   (+2).
   It affects your willpower, your defense against some magical effects.
 w - the ring of Finality {+Inv rPois rF++ rC- Dex+4}
   (You found it on level 5 of the Pits of Slime)

   [ring of poison resistance]

   It affects your dexterity (+4).
   It greatly protects you from fire.
   It makes you vulnerable to cold.
   It protects you from poison.
   It lets you turn invisible.
 E - a ring of positive energy (left hand)
 I - the amulet of the Four Winds (around neck) {rN+ Will+++ Clar}
   (You found it on level 3 of the Depths)

   [amulet of nothing]

   It protects you from negative energy.
   It affects your willpower, your defense against some magical effects.
   It protects you against confusion.
 K - a +6 ring of intelligence
 O - the amulet of the Establishment {RegenMP Slay+2 SInv}
   (You acquired it on level 8 of the Dungeon)

   [amulet of magic regeneration]

   It increases your magic regeneration.
   It affects your accuracy and damage with ranged weapons and melee attacks
   (+2).
   It lets you see invisible.
 R - the ring "Rovud" (right hand) {Wiz rElec rF+ Str+8 Dex-3}
   (You found it on level 5 of the Pits of Slime)

   [ring of wizardry]

   It improves your spell success rate.
   It affects your strength (+8).
   It affects your dexterity (-3).
   It protects you from fire.
   It insulates you from electricity.
 T - a +4 ring of protection
Wands
 P - a wand of disintegration (10)
 X - a wand of digging (19)
Scrolls
 c - 2 scrolls of blinking
 f - 7 scrolls of teleportation
 h - 5 scrolls of enchant armour
 i - a scroll of amnesia
 m - 12 scrolls of enchant weapon
 u - 3 scrolls of holy word
 v - 24 scrolls of remove curse
 y - 7 scrolls of fear
 C - 40 scrolls of identify
 F - 3 scrolls of silence
 H - a scroll of fog
 J - 6 scrolls of magic mapping
 V - 3 scrolls of brand weapon
 Z - 2 scrolls of summoning
Potions
 b - 4 potions of heal wounds
 e - 14 potions of might
 g - 2 potions of ambrosia
 k - 3 potions of brilliance
 l - a potion of resistance
 o - 9 potions of haste
 x - a potion of invisibility
 z - 2 potions of cancellation
 A - 11 potions of flight
 M - 30 potions of curing
Books
 r - a manual of Dodging
 L - a manual of Translocations
Miscellaneous
 t - a box of beasts
 N - a tin of tremorstones (2/2)
 Q - a phantom mirror
 S - a condenser vane
 W - a lightning rod (4/4)


   Skills:
 O Level 27 Fighting
 - Level 20.0 Long Blades
 - Level 26.0 Axes
 - Level 21.8 Armour
 + Level 21.9 Dodging
 - Level 18.7 Shields
 - Level 3.0 Translocations
 - Level 9.0 Evocations


You had 26 spell levels left.
You didn't know any spells.
Your spell library contained the following spells:

 Spells                   Type           Power        Failure   Level
 Blink                    Tloc           N/A          52%         2
 Gell's Gravitas          Tloc           3%           75%         3
 Animate Skeleton         Necr           0%           78%         1
 Foxfire                  Conj/Fire      0%           78%         1
 Pain                     Necr           0%           78%         1
 Corpse Rot               Necr/Air       N/A          89%         2
 Searing Ray              Conj           0%           89%         2
 Sublimation of Blood     Necr           0%           89%         2
 Swiftness                Air            0%           89%         2
 Portal Projectile        Hex/Tloc       6%           89%         3
 Vampiric Draining        Necr           0%           98%         3
 Passage of Golubria      Tloc           N/A          98%         4
 Dispel Undead            Necr           0%           100%        4
 Sticky Flame             Conj/Fire      0%           100%        4
 Agony                    Necr           0%           100%        5
 Bolt of Magma            Conj/Fire/Erth 0%           100%        5
 Excruciating Wounds      Necr           0%           100%        5
 Death Channel            Necr           0%           100%        6
 Dispersal                Tloc           3%           100%        6
 Simulacrum               Ice/Necr       0%           100%        6
 Malign Gateway           Summ/Tloc      1%           100%        7
 Borgnjor's Revivificati  Necr           0%           100%        8
 Disjunction              Tloc           3%           100%        8


Dungeon Overview and Level Annotations

Branches:
Dungeon (15/15)            Temple (0/1) D:7            Lair (6/6) D:9
 Shoals (4/4) Lair:2        Snake (4/4) Lair:2        Slime (5/5) Lair:5
    Orc (2/2) D:10            Elf (3/3) Orc:2        Vaults (5/5) D:14
  Crypt (3/3) Vaults:2       Tomb (2/3) Crypt:3      Depths (5/5) D:15
    Zot (0/5) Depths:5    Ossuary (visited)          Bailey (visited)
Volcano (visited)          WizLab (visited)

Altars:
Gozag
Kikubaaqudgha
Ru
Sif Muna
Trog
Uskayaw
Vehumet
Wu Jian
Yredelemnul
Zin
Jiyva

Shops:
D:6 [*!*   D:8 (   D:14 [:?[*   Orc:2 }((}   Elf:2 *   Shoals:3 (   Snake:1 *
Snake:4 ([}?   Vaults:1 [   Vaults:3 [   Depths:1 [[*(   Depths:2 }}=

Portals:
Hell: Depths:1 Depths:2 Depths:3 Depths:4 Depths:5
Abyss: Depths:1 Depths:4
Pandemonium: Depths:3
Ziggurat: Depths:4
Trove: D:13 (give +8 demon blade)

Annotations:
Slime:5 Royal Jelly


Innate Abilities, Weirdness & Mutations

You reflexively headbutt those who attack you in melee.
You have a pair of horns on your head.
You have sharp fingernails.
You are agile. (Dex +2)
You can translocate small distances at will.
You possess an exceptional clarity of mind.
Your spells are a little harder to cast, but a little more powerful.
You evolve.


Message History

You feel extremely nervous for a moment...
Pain shoots through your body!!
* * * LOW HITPOINT WARNING * * *
The royal mummy is engulfed in freezing vapours.
The royal mummy hits you!
* * * LOW HITPOINT WARNING * * *
The freezing wraith completely misses you.
You furiously retaliate!
You headbutt the freezing wraith.
You riposte.
You slice the freezing wraith!!
You destroy the freezing wraith!
You closely miss the jiangshi. You slice the royal mummy!!
You freeze the royal mummy.
The ushabti shakes and rattles deafeningly!
The flayed ghost cries, "Suffer as I suffered!"
The jiangshi claws you.
* * * LOW HITPOINT WARNING * * *
The jiangshi claws you but does no damage.
The mummy priest invokes the aid of its god against you.
Something smites you!
You die...

..........M....
..^...............
......††..........
......†...Z.......
......$Z.Z........
.......MW3ZZ.^....
......^§8M......^.
.......3ZMn.§.....
.........V@)......
..?..#..M#V......^
..........[.......
..............?
...............
...(.....####..
.[$......# .
.........#
..........


You could see 2 royal mummies, a mummy priest, 2 jiangshi, a flayed ghost
(summoned), an ushabti (catching breath), a sixfirhy (summoned), a smoke demon
(summoned), a necrophage (summoned), a mummy, a seven-headed hydra zombie
(summoned), an emperor scorpion zombie (summoned), an ettin zombie, a stone
giant zombie (summoned), a fire giant zombie and an elf skeleton (summoned).

Vanquished Creatures
  Mara (Elf:3)
  2 juggernauts
  4 ancient liches
  3 royal mummies
  Margery (Depths:1)
  Bai Suzhen (Depths:1)
  Vashnia (Snake:4)
  2 caustic shrikes (Depths:3)
  Nikola (Shoals:2)
  A profane servitor (Crypt:3)
  2 bone dragons
  6 golden dragons
  the Enchantress (Depths:1)
  Rupert (Lair:3)
  4 tentacled monstrosities
  2 deep elf blademasters
  An eldritch tentacle (WizLab)
  15 acid blobs
  7 liches
  A quicksilver dragon (Vaults:5)
  5 titans
  Gastronok (Lair:3)
  The ghost of antidepressant22 the Peltast, an adept MiFi of Makhleb (Snake:4)
  3 ancient champions
  A deep elf master archer (Elf:3)
  3 tentacled starspawn
  9 sphinxes
  5 storm dragons
  2 krakens
  9 shadow dragons
  A thorn hunter (Depths:1)
  9 tengu reavers
  Kirke (Elf:1)
  2 azure jellies (Slime:1)
  A draconian monk (Depths:5)
  A frost giant (shapeshifter) (Depths:2)
  9 nagarajas
  An iron dragon (Vaults:5)
  12 deep elf sorcerers
  16 fire giants
  12 vault wardens
  3 frost giants
  2 orc warlords
  A revenant (Tomb:1)
  Aizul (Shoals:4)
  A cacodemon (Abyss:2)
  A balrug (Depths:3)
  A curse skull (Crypt:2)
  5 deep elf elementalists
  6 spriggan defenders
  15 ironheart preservers
  2 ghouls
  3 war gargoyles (Vaults:5)
  3 draconian annihilators
  3 juggernaut zombies
  26 stone giants
  23 very ugly things
  A caustic shrike skeleton (Depths:4)
  The ghost of Kolguev the Severer, a journeyman MiBe of Trog (D:10)
  8 vampire knights
  A green draconian (Depths:5)
  6 deep elf demonologists
  A purple draconian (Depths:5)
  7 deep elf annihilators (Elf:3)
  A lorocyproca (WizLab)
  A yellow draconian (Depths:5)
  2 entropy weavers
  2 black draconians (Depths:5)
  A spark wasp (shapeshifter) (Vaults:5)
  2 eidola
  9 spark wasps (Depths:4)
  12 ettins
  4 merfolk javelineers
  A blizzard demon (WizLab)
  7 mummy priests
  7 deep elf death magi
  9 fire dragons
  14 yaktaur captains
  2 death oozes (Slime:3)
  A crystal guardian (Vaults:4)
  15 jiangshi
  8 merfolk impalers
  Josephine (D:10)
  11 boulder beetles
  The ghost of Kotami the Carver, a journeyman OpFi of Dithmenos (Lair:2)
  20 great orbs of eyes
  8 rakshasas
  9 deep elf high priests
  31 vault guards
  A hydra (shapeshifter) (Depths:1)
  12 naga warriors
  11 hydras
  A caustic shrike simulacrum (Depths:3)
  A juggernaut simulacrum (Depths:4)
  6 merfolk aquamancers (Shoals:4)
  14 ice dragons
  11 anacondas
  9 spriggan air magi
  An anaconda (shapeshifter) (Vaults:3)
  8 death knights
  A merfolk avatar (Shoals:4)
  7 centaur warriors
  3 catoblepae
  8 death yaks
  28 dancing weapons
  7 deep troll shamans
  5 satyrs
  66 two-headed ogres
  3 alligator snapping turtles
  13 death scarabs
  2 deep troll earth magi
  26 ogre magi
  5 vampire magi
  5 tengu warriors
  6 shock serpents
  2 thrashing horrors (Abyss:2)
  19 hell knights
  Sonja (D:13)
  31 skeletal warriors
  8 spriggan berserkers
  A storm dragon zombie (Abyss:2)
  22 naga sharpshooters
  A titan skeleton (Abyss:2)
  2 soul eaters (Crypt:2)
  25 deep elf knights
  A sun demon (Volcano)
  4 shadow wraiths (Crypt:3)
  A fire crab (shapeshifter) (Vaults:2)
  A sixfirhy (WizLab)
  5 iron trolls
  3 salamander mystics
  A spark wasp zombie (Depths:3)
  5 unseen horrors
  A gelid demonspawn (Depths:3)
  16 sea snakes
  A storm dragon skeleton (Crypt:1)
  A bog body (Crypt:2)
  7 flayed ghosts
  A spriggan druid (Elf:3)
  17 deep trolls
  3 glowing orange brains (Depths:4)
  14 ironbrand convokers
  An anaconda zombie (Crypt:1)
  8 naga ritualists
  2 unseen horrors (shapeshifter)
  A lindwurm (Lair:6)
  2 obsidian statues
  9 deep elf archers
  28 harpies
  3 wizards
  An orb spider (shapeshifter) (Vaults:2)
  2 large abominations
  16 orc knights
  9 phantasmal warriors
  2 anaconda skeletons
  A fire giant zombie (Vaults:5)
  3 shining eyes
  15 necromancers
  6 mana vipers
  An orc sorcerer (Vaults:2)
  A frost giant zombie (Depths:4)
  A wolf spider zombie (Tomb:2)
  A shining eye (shapeshifter) (Depths:1)
  5 oklob plants
  16 manticores
  18 fauns
  51 deep elf magi
  4 wolf spiders
  A stone giant zombie (Tomb:2)
  18 cyclopes
  12 salamanders
  A wolf spider (shapeshifter) (Vaults:5)
  An iron dragon skeleton (Depths:4)
  4 frost giant skeletons
  A salamander (shapeshifter) (Vaults:4)
  71 ugly things
  7 water nymphs
  Maurice (D:8)
  11 guardian serpents
  16 merfolk sirens
  2 rust devils (Depths:3)
  16 eyes of devastation
  9 elephants (Lair:6)
  2 spriggan zombies (Depths:4)
  An ice statue (Shoals:3)
  Joseph (D:10)
  3 apocalypse crabs (Abyss:2)
  2 storm dragon simulacra
  2 orange demons (WizLab)
  15 vault sentinels
  35 black mambas
  12 cane toads
  3 gargoyles
  27 naga magi
  A smoke demon (Abyss:2)
  5 spectral swamp worms (Depths:5)
  2 kobold demonologists
  A dire elephant skeleton (Crypt:2)
  3 rime drakes
  A human zombie (Vaults:5)
  2 demonspawn skeletons (WizLab)
  2 tormentors (D:12)
  An efreet (WizLab)
  7 freezing wraiths
  A minotaur skeleton (Crypt:2)
  5 komodo dragons
  55 yaktaurs
  A hellwing (WizLab)
  A yellow draconian skeleton (Crypt:1)
  An ancient zyme (WizLab)
  A merfolk (shapeshifter) (Vaults:5)
  An anaconda simulacrum (Abyss:2)
  A troll (shapeshifter) (Vaults:3)
  A golden dragon simulacrum (Depths:4)
  A harpy zombie (D:15)
  13 trolls
  An elf skeleton (Depths:4)
  2 spriggan skeletons (Depths:3)
  11 guardian mummies
  A tengu conjurer (D:13)
  3 meliai (D:13)
  A polar bear (shapeshifter) (Vaults:1)
  31 merfolk
  A black draconian skeleton (Crypt:2)
  A red devil (Depths:3)
  2 jumping spiders (shapeshifter)
  16 polar bears
  A hornet (shapeshifter) (Depths:3)
  A wind drake (shapeshifter) (Depths:1)
  2 raiju
  A shadow dragon simulacrum (Depths:4)
  A hydra skeleton (Tomb:2)
  A satyr zombie (Crypt:2)
  A hydra zombie (Abyss:2)
  A harpy skeleton (Crypt:2)
  A blink frog (shapeshifter) (D:15)
  8 wind drakes
  An ettin zombie (Crypt:3)
  8 hornets
  3 dream sheep (Shoals:3)
  A frost giant simulacrum (Tomb:2)
  81 slime creatures
  6 snapping turtles
  A stone giant simulacrum (Vaults:5)
  A dream sheep (shapeshifter) (Vaults:5)
  2 iron dragon simulacra
  21 blink frogs
  5 air elementals
  41 flying skulls (Crypt:3)
  A ynoxinul (Abyss:2)
  A spriggan (shapeshifter) (Vaults:5)
  An ettin skeleton (Crypt:2)
  6 ushabtiu (Tomb:1)
  3 redbacks
  5 spriggans
  18 wraiths
  11 fire elementals
  19 water elementals
  3 shadows
  53 yaks
  7 fire bats (Volcano)
  3 vampires
  7 wyverns
  Grum (D:10)
  7 golden eyes
  A satyr skeleton (Crypt:2)
  A golden eye (shapeshifter) (Vaults:3)
  3 hogs (Elf:1)
  5 basilisks
  3 vampire mosquitoes
  5 wargs
  An acid dragon (shapeshifter) (Depths:3)
  2 soldier ants (shapeshifter)
  6 spatial vortices (WizLab)
  35 nagas
  A warg (shapeshifter) (Depths:2)
  A water nymph zombie (Crypt:1)
  17 water moccasins
  A monstrous demonspawn zombie (Crypt:2)
  2 soldier ants (D:13)
  5 acid dragons
  A torturous demonspawn skeleton (WizLab)
  A water nymph skeleton (Crypt:1)
  3 hell hounds
  A cane toad skeleton (Crypt:1)
  A floating eye (Depths:5)
  A hornet zombie (D:15)
  60 orc warriors
  A snapping turtle zombie (Crypt:2)
  3 ice beasts
  6 sky beasts
  A black bear (shapeshifter) (Depths:1)
  7 eyes of draining
  10 black bears
  An ettin simulacrum (Crypt:3)
  6 necrophages
  2 phantoms
  A swamp dragon zombie (Crypt:1)
  A tengu (shapeshifter) (Depths:5)
  51 ogres
  A snapping turtle skeleton (Crypt:2)
  2 boggarts (Elf:1)
  26 wolves
  14 centaurs
  5 big kobolds
  A big kobold (shapeshifter) (Vaults:4)
  3 earth elementals
  A rime drake skeleton (Crypt:2)
  A gnoll sergeant (D:7)
  20 bullfrogs
  A wyvern zombie (D:6)
  A glowing shapeshifter simulacrum (Depths:4)
  7 small abominations
  A salamander skeleton (Crypt:2)
  2 water moccasin zombies (Ossuary)
  2 wyvern skeletons
  A shapeshifter zombie (Crypt:1)
  17 killer bees
  3 scorpions
  A raiju skeleton (WizLab)
  An orc simulacrum (Vaults:2)
  6 wights
  5 howler monkeys
  A troll skeleton (Crypt:1)
  4 electric eels
  2 crimson imps
  6 lava snakes (Volcano)
  3 bullfrog zombies
  3 centaur zombies
  4 quasits
  5 jellies
  Crazy Yiuf (D:3)
  2 hounds
  20 orc priests
  8 centaur skeletons
  2 iron imps
  4 iguanas
  27 orc wizards
  13 worker ants
  4 big kobold zombies (Ossuary)
  10 mummies
  4 worker ant zombies
  16 gnolls
  12 adders
  5 shadow imps
  An ooze (D:1)
  An adder skeleton (D:6)
  6 adder zombies (Ossuary)
  A lava snake skeleton (Crypt:2)
  A worm (D:3)
  A dart slug (D:2)
  5 leopard geckos
  113 orcs
  A ball python (D:2)
  5 bats
  5 giant cockroaches
  16 hobgoblins
  9 jackals
  34 kobolds
  3 quokkas
  4 frilled lizards
  2 gnoll zombies (Ossuary)
  15 goblins
  5 hobgoblin zombies (Ossuary)
  A jackal skeleton (D:4)
  A kobold skeleton (Crypt:1)
  4 kobold zombies (Ossuary)
  A leopard gecko skeleton (D:7)
  A leopard gecko zombie (D:7)
  An orc skeleton (Crypt:2)
  4 orc zombies (Ossuary)
  A quokka zombie (D:6)
  5 rats
  2 crawling corpses (Vaults:5)
  A lurking horror (Abyss:2)
  4 plants
  4 starspawn tentacles
  8 tentacles
2699 creatures vanquished.

Vanquished Creatures (collateral kills)
  A revenant (Crypt:3)
  A storm dragon (Depths:4)
  A vault warden (Vaults:5)
  A draconian shifter (Depths:5)
  A black draconian (Depths:5)
  A merfolk impaler (Shoals:4)
  A great orb of eyes (Depths:4)
  A skeletal warrior (D:12)
  2 glowing orange brains (Depths:4)
  2 phantasmal warriors (Crypt:3)
  A deep elf mage (Vaults:5)
  A faun (Shoals:1)
  3 merfolk (Shoals:4)
  2 snapping turtles (Shoals:4)
  A water elemental (Shoals:4)
  A spriggan (shapeshifter) (Vaults:5)
  A vampire mosquito (D:10)
  A wight (D:10)
  A mummy (D:10)
24 creatures vanquished.

Vanquished Creatures (others)
  A naga ritualist (Snake:4)
  A cyclops (WizLab)
  A merfolk (Shoals:2)
  A slime creature (Slime:4)
  A water elemental (Shoals:2)
  An ushabti (Tomb:1)
  A human (Elf:1)
  A satyr skeleton (Crypt:2)
  An ogre (WizLab)
  A necrophage (Crypt:3)
  54 jellies
  A mummy (Tomb:1)
  41 fungi
  200 plants
  4 starspawn tentacles
  7 tentacles
  2 withered plants (D:12)
319 creatures vanquished.

Grand Total: 3042 creatures vanquished

Notes
Turn   | Place    | Note
-------+----------+-------------------------------------------
     0 | D:1      | Alarak the Minotaur Berserker began the quest for the Orb.
     0 | D:1      | Reached XP level 1. HP: 19/19 MP: 0/0
   135 | D:1      | Reached XP level 2. HP: 24/26 MP: 1/1
   942 | D:2      | Reached skill level 5 in Long Blades
   994 | D:2      | Reached XP level 3. HP: 31/31 MP: 2/2
   995 | D:2      | Reached ** piety under Trog
  1161 | D:2      | Found a faded altar of an unknown god.
  1296 | D:2      | Noticed a sky beast
  1302 | D:2      | Killed a sky beast
  1303 | D:2      | Reached XP level 4. HP: 39/39 MP: 3/3
  1526 | D:3      | Reached XP level 5. HP: 45/45 MP: 4/4
  1617 | D:3      | Found a glowing silver altar of Zin.
  1886 | D:3      | Found a shimmering blue altar of Sif Muna.
  1886 | D:3      | Found a basalt altar of Yredelemnul.
  1887 | D:3      | Found a hide-covered altar of Uskayaw.
  1888 | D:3      | Found a bloodstained altar of Trog.
  1979 | D:3      | Found an ornate altar of the Wu Jian Council.
  2017 | D:3      | Found a runed translucent door.
  2018 | D:3      | Noticed Crazy Yiuf
  2206 | D:3      | Reached XP level 6. HP: 49/51 MP: 5/5
  2251 | D:3      | Reached *** piety under Trog
  2252 | D:3      | Reached skill level 5 in Armour
  2388 | D:3      | Killed Crazy Yiuf
  3191 | D:4      | Reached XP level 7. HP: 57/57 MP: 6/6
  3371 | D:5      | Entered Level 5 of the Dungeon
  3454 | D:5      | Reached skill level 5 in Dodging
  4077 | D:6      | Reached skill level 4 in Fighting
  4142 | D:6      | Reached skill level 5 in Fighting
  4210 | D:6      | Found Bihis's Antique Armour Boutique.
  4220 | D:6      | Bought a glowing scarf for 240 gold pieces
  4333 | D:6      | Reached skill level 6 in Fighting
  4333 | D:6      | Reached XP level 8. HP: 70/70 MP: 7/7
  4393 | D:6      | Found Kopsaall's Distillery.
  4488 | D:6      | Found Buepluirr's General Store.
  4494 | D:6      | Reached **** piety under Trog
  4551 | D:6      | Found Veheubba's General Store.
  4557 | D:6      | Reached skill level 7 in Fighting
  5014 | D:7      | Reached skill level 8 in Fighting
  5109 | D:7      | Reached skill level 9 in Fighting
  5209 | D:7      | Found a sand-covered staircase.
  5214 | Ossuary  | Entered an ossuary
  5351 | Ossuary  | Reached ***** piety under Trog
  5352 | Ossuary  | Reached skill level 10 in Fighting
  5479 | D:7      | Reached XP level 9. HP: 85/85 MP: 8/8
  5510 | D:7      | Found the +8 autumn katana {vorpal, Clar}
  5511 | D:7      | Got a crude tin amulet
  5526 | D:7      | Identified the amulet "Honotrum" {RegenMP rPois Str+5 Dex+2
                  | Stlth-} (You found it on level 7 of the Dungeon)
  5719 | D:7      | Found a flagged portal.
  5726 | Bailey   | Entered a bailey
  5915 | Bailey   | Noticed an orc knight
  5974 | Bailey   | Killed an orc knight
  6278 | D:7      | Reached XP level 10. HP: 93/93 MP: 9/9
  6377 | D:7      | Found a staircase to the Ecumenical Temple.
  6646 | D:8      | Found Befum's Antique Weapon Shoppe.
  6822 | D:8      | Found an opulent altar of Gozag.
  7006 | D:8      | Noticed Maurice
  7011 | D:8      | Killed Maurice
  7064 | D:8      | Received a gift from Trog
  7159 | D:8      | Identified a scroll of acquirement
  7159 | D:8      | Acquired the amulet of the Establishment {RegenMP Slay+2
                  | SInv}
  7271 | D:9      | Found a staircase to the Lair.
  7277 | D:9      | Reached skill level 10 in Long Blades
  7984 | D:10     | Entered Level 10 of the Dungeon
  7989 | D:10     | Found a transporter.
  7990 | D:10     | Noticed Joseph
  7997 | D:10     | Killed Joseph
  8088 | D:10     | Found a transporter.
  8088 | D:10     | Noticed Kolguev's ghost (journeyman MiBe)
  8159 | D:10     | Noticed Grum
  8177 | D:10     | Killed Grum
  8280 | D:10     | Found a staircase to the Orcish Mines.
  8673 | D:10     | Noticed Josephine
  8681 | D:10     | Killed Josephine
  8682 | D:10     | Reached skill level 10 in Armour
  8682 | D:10     | Reached XP level 11. HP: 99/99 MP: 10/10
  8685 | D:10     | Reached ****** piety under Trog
  8994 | D:10     | Killed Kolguev's ghost
  8995 | D:10     | Reached skill level 10 in Dodging
  9209 | D:11     | Received a gift from Trog
  9237 | D:11     | Noticed a red ugly thing
  9242 | D:11     | Killed a red ugly thing
  9327 | D:11     | Noticed a boulder beetle
  9342 | D:11     | Killed a boulder beetle
  9509 | D:11     | Noticed a two-headed ogre
  9514 | D:11     | Killed a two-headed ogre
  9848 | D:11     | Noticed a green ugly thing
  9853 | D:11     | Killed a green ugly thing
  9854 | D:11     | Reached skill level 11 in Fighting
  9993 | D:11     | Noticed a brown ugly thing
 10002 | D:11     | Killed a brown ugly thing
 10079 | D:11     | Got a warped long sword
 10080 | D:11     | Identified the cursed +1 long sword of the Countless
                  | Violins {protect, rN+ Will+ Dex-4} (You found it on level
                  | 11 of the Dungeon)
 10160 | D:12     | Reached skill level 12 in Fighting
 10256 | D:12     | Noticed a skeletal warrior
 10256 | D:12     | Noticed a skeletal warrior
 10263 | D:12     | Noticed a death knight
 10265 | D:12     | Killed a skeletal warrior
 10266 | D:12     | Reached XP level 12. HP: 113/113 MP: 11/11
 10299 | D:12     | Reached skill level 13 in Fighting
 10536 | D:12     | Noticed a death knight
 10541 | D:12     | Killed a death knight
 10637 | D:12     | You fall into a shaft and drop 3 floors!
 10637 | D:15     | Entered Level 15 of the Dungeon
 10637 | D:15     | Found a staircase to the Depths.
 10638 | D:15     | Noticed a fire giant
 10799 | D:15     | Killed a fire giant
 10800 | D:15     | Reached skill level 14 in Fighting
 11085 | D:15     | Noticed a death knight
 11101 | D:15     | Killed a death knight
 11554 | D:14     | Noticed a catoblepas
 11561 | D:14     | Killed a catoblepas
 11645 | D:14     | Found Wynnuono's Magic Scroll Shoppe.
 11656 | D:14     | Noticed a fire dragon
 11668 | D:14     | Killed a fire dragon
 11758 | D:14     | Found Anwirinu's Antique Armour Boutique.
 11888 | D:14     | Noticed a centaur warrior
 11893 | D:14     | Reached XP level 13. HP: 124/124 MP: 12/12
 11898 | D:14     | Found Kayly's General Store.
 12273 | D:13     | Received a gift from Trog
 12281 | D:13     | Reached skill level 15 in Armour
 12527 | D:13     | Noticed Sonja
 12539 | D:13     | Killed Sonja
 12740 | D:13     | Got a shimmering wooden ring
 13255 | D:13     | Identified the +3 spear of Annoyance {freeze, Int+4}
 13476 | D:13     | Found a portal to a secret trove of treasure.
 13477 | D:13     | You fall into a shaft and drop 2 floors!
 14072 | D:12     | Reached skill level 1 in Shields
 14300 | D:12     | Found a basalt altar of Yredelemnul.
 14327 | D:12     | Reached skill level 5 in Shields
 14352 | D:12     | Received a gift from Trog
 15367 | D:12     | HP: 5/124 [??? (3)]
 17379 | D:14     | Reached XP level 14. HP: 132/132 MP: 13/13
 17806 | D:14     | Found Jyliarez's Antique Armour Shop.
 17878 | D:14     | Found Vaenuhug's Book Boutique.
 17972 | D:14     | Found a gate to the Vaults.
 18055 | D:14     | Reached skill level 15 in Fighting
 18263 | D:14     | Bought a shimmering plate armour for 672 gold pieces
 18264 | D:14     | Identified the ring of Fonenokkay {Ice rElec SInv} (You
                  | found it on level 13 of the Dungeon)
 18308 | D:14     | Identified the cursed +1 plate armour of Leapfrog {Dex+4}
                  | (You bought it in a shop on level 14 of the Dungeon)
 19065 | D:15     | Reached skill level 16 in Fighting
 19952 | Lair:1   | Entered Level 1 of the Lair of Beasts
 20207 | Lair:1   | Reached skill level 17 in Fighting
 20668 | Lair:1   | Got a fading spear
 21072 | Lair:2   | Identified the cursed +2 spear of Sameostowyt {vorpal,
                  | rElec Str+3 Int+4} (You found it on level 1 of the Lair of
                  | Beasts)
 21418 | Lair:2   | Found a staircase to the Shoals.
 21497 | Lair:2   | Found a staircase to the Snake Pit.
 21529 | Lair:2   | Found a runed translucent door.
 21530 | Lair:2   | Noticed Kotami's ghost (journeyman OpFi)
 21563 | Lair:2   | Found a dark tunnel.
 21573 | Volcano  | Entered a volcano
 21588 | Volcano  | Received a gift from Trog
 21871 | Volcano  | Found a burning altar of Makhleb.
 21872 | Volcano  | Found the +0 pair of fencer's gloves {Riposte Dex+3}
 22642 | Lair:2   | Killed Kotami's ghost
 22815 | Lair:3   | Noticed Rupert
 22824 | Lair:3   | Killed Rupert
 22825 | Lair:3   | Reached XP level 15. HP: 147/147 MP: 14/14
 23014 | Lair:3   | Reached skill level 15 in Dodging
 23041 | Lair:3   | Found a sacrificial altar of Ru.
 23123 | Lair:3   | Noticed Gastronok
 23136 | Lair:3   | Killed Gastronok
 24020 | Lair:4   | Found a transporter.
 24021 | Lair:4   | Found a transporter.
 24886 | Lair:5   | Found a staircase to the Slime Pits.
 24887 | Lair:5   | Found a viscous altar of Jiyva.
 25416 | Lair:5   | Received a gift from Trog
 25837 | Lair:6   | Entered Level 6 of the Lair of Beasts
 26219 | Lair:6   | Reached skill level 15 in Long Blades
 27057 | Lair:6   | Identified the Handbook of Sinister Magic
 27066 | Lair:6   | Got an ichor-stained scimitar
 27067 | Lair:6   | Identified the +0 scimitar of the Unseen Realm {flame,
                  | Str+2} (You found it on level 6 of the Lair of Beasts)
 27150 | Lair:6   | Got a faintly humming scale mail
 27161 | Lair:6   | Identified the +9 scale mail of the Jabberwock {Harm rC-
                  | rCorr} (You found it on level 6 of the Lair of Beasts)
 27362 | Orc:1    | Entered Level 1 of the Orcish Mines
 27371 | Orc:1    | Received a gift from Trog
 27456 | Orc:1    | Reached skill level 1 in Axes
 27461 | Orc:1    | Reached XP level 16. HP: 155/155 MP: 15/15
 28181 | Orc:2    | Entered Level 2 of the Orcish Mines
 28540 | Orc:2    | Received a gift from Trog
 29128 | Orc:2    | Found a staircase to the Elven Halls.
 29226 | Orc:2    | Found Jihied's Antique Weapon Shoppe.
 29226 | Orc:2    | Found Quxt's Weapon Boutique.
 29238 | Orc:2    | Found Qihukhled's Gadget Emporium.
 29240 | Orc:2    | Found Lawof's Gadget Shop.
 29358 | Elf:1    | Entered Level 1 of the Elven Halls
 29370 | Elf:1    | Reached skill level 18 in Fighting
 29407 | Elf:1    | Noticed Kirke
 29426 | Elf:1    | Reached skill level 1 in Evocations
 29429 | Elf:1    | Killed Kirke
 30088 | Elf:1    | Reached skill level 5 in Evocations
 30092 | Elf:1    | Received a gift from Trog
 30223 | Elf:2    | Found an ancient bone altar of Kikubaaqudgha.
 30609 | Elf:2    | Found a runed translucent gate.
 30609 | Elf:2    | Found a runed translucent gate.
 30610 | Elf:2    | Found a runed translucent gate.
 30727 | Elf:2    | Found Veskoex's Assorted Antiques.
 31312 | Elf:2    | Reached XP level 17. HP: 165/165 MP: 16/16
 31330 | Elf:2    | Noticed a deep elf blademaster
 31335 | Elf:2    | Killed a deep elf blademaster
 31339 | Elf:2    | Received a gift from Trog
 31759 | Elf:3    | Entered Level 3 of the Elven Halls
 31860 | Elf:3    | Reached skill level 19 in Fighting
 32149 | Elf:3    | Noticed Mara
 32159 | Elf:3    | Killed Mara
 32616 | Elf:3    | Noticed a deep elf blademaster
 32624 | Elf:3    | Reached skill level 20 in Fighting
 32630 | Elf:3    | Killed a deep elf blademaster
 32635 | Elf:3    | Killed a ghostly deep elf blademaster
 32641 | Elf:3    | Noticed a deep elf master archer
 32660 | Elf:3    | Killed a deep elf master archer
 32677 | Elf:3    | Received a gift from Trog
 32834 | Elf:3    | Identified the +12 great mace of the Priest {vorpal, rN+
                  | MP+9 Str+3}
 32893 | Elf:3    | Identified the cursed +1 quarterstaff "Kuz Qun" {drain,
                  | +Inv rN+ Stlth+}
 32893 | Elf:3    | Identified the ring "Vohuas" {Will+ Slay+2}
 33040 | Elf:3    | Found the +7 Spriggan's Knife {stab, EV+4 Stlth+}
 33587 | Elf:3    | Reached XP level 18. HP: 178/178 MP: 17/17
 33896 | Elf:3    | Got an encrusted dagger
 33897 | Elf:3    | Identified the +2 dagger "Myomuc Uno" {venom, +Fly rC+
                  | Str+3} (You found it on level 3 of the Elven Halls)
 33920 | Elf:3    | Got a masterwork ring mail
 33982 | Elf:3    | Identified the +1 ring mail of the Cuttlefish {rElec rPois}
                  | (You found it on level 3 of the Elven Halls)
 34052 | Elf:3    | Identified the Handbook of Feathery Translocation
 34312 | Shoals:1 | Entered Level 1 of the Shoals
 35302 | Shoals:1 | Received a gift from Trog
 36567 | Shoals:2 | Noticed Nikola
 36576 | Shoals:2 | Killed Nikola
 36886 | Shoals:2 | Received a gift from Trog
 37649 | Shoals:3 | Found a gateway to a bazaar.
 37706 | Bazaar   | Entered a bazaar
 37706 | Bazaar   | Found Yliul's Jewellery Shoppe.
 37706 | Bazaar   | Found Supuov's Antique Weapon Emporium.
 37708 | Bazaar   | Found Xiom's Antique Weapon Shoppe.
 37724 | Bazaar   | Found Deagaur's Weapon Emporium.
 37761 | Shoals:3 | Found Qaot Funn's Antique Weapon Shop.
 38575 | Shoals:4 | Entered Level 4 of the Shoals
 39174 | Shoals:4 | Got a barnacled rune of Zot
 39564 | Shoals:4 | Noticed Aizul
 39569 | Shoals:4 | Killed Aizul
 39578 | Shoals:4 | Received a gift from Trog
 39589 | Shoals:4 | Reached XP level 19. HP: 120/185 MP: 18/18
 39932 | Shoals:4 | Cast into level 2 of the Abyss (merfolk impaler)
 40395 | Shoals:4 | Escaped the Abyss
 41272 | Shoals:4 | Received a gift from Trog
 41454 | Snake:1  | Entered Level 1 of the Snake Pit
 42017 | Snake:1  | Found Yqip's General Store.
 43541 | Snake:3  | Received a gift from Trog
 43650 | Snake:3  | Identified the +1 leather armour "Wicken" {-Tele rPois
                  | Will- rCorr}
 44368 | Snake:3  | Reached skill level 10 in Shields
 44821 | Snake:3  | Reached XP level 20. HP: 179/193 MP: 19/19
 45082 | Snake:3  | Received a gift from Trog
 45510 | Snake:4  | Entered Level 4 of the Snake Pit
 45565 | Snake:4  | Found Pepyelil's Weapon Shoppe.
 45568 | Snake:4  | Found Pehat's Armour Emporium.
 45570 | Snake:4  | Found Xaeleppa's Gadget Shoppe.
 45699 | Snake:4  | Noticed antidepressant22's ghost (adept MiFi)
 45728 | Snake:4  | Found Mecil's Magic Scroll Boutique.
 45786 | Snake:4  | Noticed Vashnia
 45800 | Snake:4  | Killed Vashnia
 45946 | Snake:4  | Received a gift from Trog
 46304 | Snake:4  | Found a runed translucent gate.
 46348 | Snake:4  | Found a runed translucent gate.
 46350 | Snake:4  | Found a runed translucent gate.
 46428 | Snake:4  | Got a serpentine rune of Zot
 46939 | Snake:4  | Killed antidepressant22's ghost
 46940 | Snake:4  | Reached skill level 15 in Shields
 47814 | Vaults:1 | Entered Level 1 of the Vaults
 47873 | Vaults:1 | Reached skill level 5 in Axes
 48152 | Vaults:1 | Received a gift from Trog
 48521 | Vaults:1 | Reached skill level 10 in Axes
 48547 | Vaults:1 | Found Sugiroynou's Antique Armour Boutique.
 48553 | Vaults:1 | Bought a runed plate armour for 1118 gold pieces
 49034 | Vaults:2 | Reached XP level 21. HP: 201/201 MP: 20/20
 49736 | Vaults:2 | Received a gift from Trog
 50269 | Vaults:2 | Found a staircase to the Crypt.
 50832 | Vaults:2 | You fall into a shaft and drop 1 floor!
 51246 | Vaults:2 | Reached skill level 15 in Axes
 51400 | Vaults:2 | Got a transparent hand axe
 51401 | Vaults:2 | Identified the +0 hand axe "Exirepp" {speed, +Blink MP+9}
                  | (You found it on level 2 of the Vaults)
 51494 | Vaults:3 | Received a gift from Trog
 51656 | Vaults:3 | Found Xoic's Antique Armour Boutique.
 52735 | Vaults:3 | Received a gift from Trog
 53084 | Vaults:4 | Reached XP level 22. HP: 209/209 MP: 21/21
 53902 | Vaults:4 | Received a gift from Trog
 54719 | Vaults:5 | Entered Level 5 of the Vaults
 54932 | Depths:1 | Entered Level 1 of the Depths
 54933 | Depths:1 | Found a one-way gate to the infinite horrors of the Abyss.
 55037 | Depths:1 | Noticed the Enchantress
 55059 | Depths:1 | Killed the Enchantress
 55072 | Depths:1 | Received a gift from Trog
 55159 | Depths:1 | Noticed Bai Suzhen
 55172 | Depths:1 | Killed Bai Suzhen
 55272 | Depths:1 | Found Zuobac's Antique Armour Boutique.
 55301 | Depths:1 | Found Hicofykhu's General Store.
 55301 | Depths:1 | Found Acefaeroe's Antique Armour Boutique.
 55302 | Depths:1 | Found Bomygoh's Weapon Shop.
 55304 | Depths:1 | Reached skill level 21 in Fighting
 55548 | Depths:1 | Bought an embroidered scarf for 360 gold pieces
 55619 | Depths:1 | Bought shiny pearl dragon scales for 2552 gold pieces
 55652 | Depths:1 | Noticed Margery
 55666 | Depths:1 | Killed Margery
 55856 | Depths:1 | Received a gift from Trog
 56200 | Depths:1 | Found a gateway to Hell.
 56863 | Depths:2 | Reached XP level 23. HP: 220/220 MP: 22/22
 57447 | Depths:2 | Noticed a juggernaut
 57456 | Depths:2 | Killed a juggernaut
 57472 | Depths:2 | Received a gift from Trog
 58200 | Depths:2 | Found Xuylicij's Gadget Emporium.
 58202 | Depths:2 | Found Ahisot's Jewellery Boutique.
 58203 | Depths:2 | Found Passacul's Gadget Emporium.
 58257 | Depths:2 | Found the brooch of Shielding {Spirit SH+8}
 58324 | Depths:2 | Got an iridescent executioner's axe
 58330 | Depths:2 | Identified the +7 executioner's axe "Ufopt" {vorpal, Str+6
                  | Int+2} (You found it on level 2 of the Depths)
 58911 | Depths:3 | Found the amulet of the Four Winds {rN+ Will+++ Clar}
 59317 | Depths:3 | Noticed a caustic shrike
 59328 | Depths:3 | Killed a caustic shrike
 59351 | Depths:3 | Received a gift from Trog
 59496 | Depths:3 | Noticed a caustic shrike
 59502 | Depths:3 | Killed a caustic shrike
 59546 | Depths:3 | Noticed a juggernaut
 59565 | Depths:3 | Killed a juggernaut
 60000 | Depths:3 | You fall into a shaft and drop 2 floors!
 60000 | Depths:5 | Entered Level 5 of the Depths
 60160 | Depths:3 | Found a one-way gate leading to the halls of Pandemonium.
 60421 | Depths:3 | Found the +8 frozen axe "Frostbite" {freezing cloud, *Noise
                  | +Fly rC+}
 60548 | Depths:3 | Reached XP level 24. HP: 228/228 MP: 22/22
 60567 | Depths:3 | Received a gift from Trog
 60859 | Depths:3 | Found a runed translucent door.
 60862 | Depths:3 | Found a radiant altar of Vehumet.
 60862 | Depths:3 | Noticed an ancient lich
 60873 | Depths:3 | Killed an ancient lich
 60925 | Depths:3 | Identified the Almanac of Arcane Weapons
 61575 | Depths:4 | Found a gateway to a ziggurat.
 61582 | Depths:4 | Received a gift from Trog
 63064 | Depths:4 | Received a gift from Trog
 63263 | Depths:4 | Got an ichor-stained troll leather armour
 63274 | Depths:4 | Identified the +1 troll leather armour of the Leaf {Regen+
                  | Int+10} (You found it on level 4 of the Depths)
 63518 | Depths:3 | Got an iridescent spear {god gift}
 63519 | Depths:3 | Identified the +8 spear of World Downfall {flame, *Corrode
                  | rN++ Will++} (Trog gifted it to you on level 3 of the
                  | Depths)
 63555 | Depths:5 | Paralysed by a floating eye for 4 turns
 64664 | Depths:5 | Reached XP level 25. HP: 235/235 MP: 22/22
 64807 | Depths:5 | Found a gate to the Realm of Zot.
 66194 | Vaults:5 | Reached skill level 22 in Fighting
 66199 | Vaults:5 | Received a gift from Trog
 66629 | Vaults:5 | Noticed an ancient lich
 66636 | Vaults:5 | Reached skill level 23 in Fighting
 66640 | Vaults:5 | Killed an ancient lich
 66923 | Vaults:5 | Reached skill level 24 in Fighting
 67199 | Vaults:5 | Received a gift from Trog
 67672 | Vaults:5 | Reached skill level 25 in Fighting
 67892 | Vaults:5 | Identified the cursed ring "Ittuwn" {rPois Str-4 Slay+3
                  | Stlth+}
 67907 | Vaults:5 | Reached XP level 26. HP: 251/251 MP: 22/22
 68177 | Vaults:5 | Identified the +3 scale mail of Terror {*Slow rN+ Str+6}
 68377 | Vaults:5 | Found the +3 hat of Pondering {ponderous, Will+ MP+10
                  | Int+5}
 68389 | Vaults:5 | Received a gift from Trog
 68629 | Vaults:5 | Found the +0 staff of Battle
 68635 | Vaults:5 | Got a silver rune of Zot
 69105 | Vaults:5 | Got a dazzling war axe {god gift}
 69106 | Vaults:5 | Identified the +4 war axe "Enkaedgh" {vorpal, rElec rPois
                  | Int+3} (Trog gifted it to you on level 5 of the Vaults)
 69460 | Vaults:5 | Got an encrusted dagger
 69461 | Vaults:5 | Identified the +0 dagger of Verysaco {drain, rF+ Str+3
                  | Dex-3 SInv} (You found it on level 5 of the Vaults)
 69615 | Vaults:5 | Got a pair of ichor-stained boots
 69626 | Vaults:5 | Identified the +0 pair of boots of Tuanenyi {*Corrode MP+9
                  | Int+3} (You found it on level 5 of the Vaults)
 69989 | Slime:1  | Entered Level 1 of the Pits of Slime
 70041 | Slime:1  | Reached skill level 26 in Fighting
 71313 | Slime:2  | Gained mutation: You are frail. (-10% HP) [a shining eye]
 71316 | Slime:2  | Gained mutation: You are occasionally teleported next to
                  | monsters. [a shining eye]
 71329 | Slime:2  | Gained mutation: Your spells are a little easier to cast,
                  | but a little less powerful. [a shining eye]
 71736 | Slime:4  | Received a gift from Trog
 71748 | Slime:4  | Gained mutation: You are sometimes teleported next to
                  | monsters. [a shining eye]
 71996 | Slime:3  | Gained mutation: You are dopey. (Int -2) [a shining eye]
 72004 | Slime:3  | Gained mutation: Armour fits poorly on your strangely
                  | shaped body. [a shining eye]
 72551 | Slime:2  | Gained mutation: Your body sometimes deteriorates upon
                  | taking damage. [a shining eye]
 73027 | Lair:5   | Fell from the grace of Trog
 73027 | Lair:5   | Became a worshipper of Jiyva Juluh the Shapeless
 73992 | Lair:5   | Reached * piety under Jiyva
 76757 | D:10     | Reached ** piety under Jiyva
 77201 | D:7      | Reached *** piety under Jiyva
 77255 | D:7      | Lost mutation: You are frail. (-10% HP) [Jiyva's grace]
 77424 | D:8      | Reached **** piety under Jiyva
 77434 | D:8      | Gained mutation: You have a pair of large horns on your
                  | head. [Jiyva's grace]
 77773 | D:9      | Lost mutation: You have a pair of large horns on your head.
                  | [Jiyva's grace]
 78065 | D:10     | Reached ***** piety under Jiyva
 78066 | D:10     | Lost mutation: Your spells are a little easier to cast, but
                  | a little less powerful. [Jiyva's power]
 79063 | D:12     | Gained mutation: Your rubbery body absorbs attacks. (AC +1,
                  | EV +1) [Jiyva's grace]
 79766 | D:12     | Gained mutation: You have a pair of large horns on your
                  | head. [Jiyva's grace]
 80135 | D:13     | Gained mutation: You are partially covered in thin metallic
                  | scales. (AC +2) [Jiyva's grace]
 80411 | D:14     | Reached ****** piety under Jiyva
 80413 | D:14     | Lost mutation: Your body sometimes deteriorates upon taking
                  | damage. [Jiyva's power]
 80445 | D:14     | Gained mutation: You are covered in slimy tendrils that may
                  | disarm your opponents. [Jiyva's grace]
 80556 | D:14     | Lost mutation: You are dopey. (Int -2) [Jiyva's power]
 80562 | D:14     | Gained mutation: Scrolls take you a little longer to read.
                  | [Jiyva's grace]
 81072 | D:15     | Lost mutation: Your rubbery body absorbs attacks. (AC +1,
                  | EV +1) [Jiyva's grace]
 81073 | D:15     | Lost mutation: Scrolls take you a little longer to read.
                  | [Jiyva's power]
 81673 | Orc:1    | Gained mutation: Your muscles are strong. (Str +2) [Jiyva's
                  | grace]
 81690 | Orc:1    | Lost mutation: You are covered in slimy tendrils that may
                  | disarm your opponents. [Jiyva's grace]
 81691 | Orc:1    | Lost mutation: Armour fits poorly on your strangely shaped
                  | body. [Jiyva's power]
 81789 | Orc:2    | Lost mutation: You are sometimes teleported next to
                  | monsters. [Jiyva's grace]
 81807 | Orc:2    | Lost mutation: Your muscles are strong. (Str +2) [Jiyva's
                  | grace]
 81823 | Orc:2    | Lost mutation: You have a pair of large horns on your head.
                  | [Jiyva's grace]
 81851 | Orc:2    | Lost mutation: You are partially covered in thin metallic
                  | scales. (AC +2) [Jiyva's grace]
 82122 | Elf:1    | Gained mutation: Your spells are a little harder to cast,
                  | but a little more powerful. [Jiyva's grace]
 82388 | Slime:5  | Entered Level 5 of the Pits of Slime
 82394 | Slime:5  | Gained mutation: Your natural rate of healing is unusually
                  | fast. [Jiyva's grace]
 82397 | Slime:5  | Gained mutation: You possess an exceptional clarity of
                  | mind. [Jiyva's grace]
 82402 | Slime:5  | Gained mutation: You are covered in slimy tendrils that may
                  | disarm your opponents. [Jiyva's grace]
 82415 | Slime:5  | Lost mutation: You are covered in slimy tendrils that may
                  | disarm your opponents. [Jiyva's grace]
 82443 | Slime:5  | Noticed the Royal Jelly
 82446 | Slime:5  | Found a viscous altar of Jiyva.
 82466 | Slime:5  | Got a wavering turquoise ring
 82468 | Slime:5  | Identified the Guide on Floating Unholy Arts
 82477 | Slime:5  | Got a faintly glowing sapphire amulet
 82486 | Slime:5  | Got a pair of jewelled boots
 82488 | Slime:5  | Got a wavering bronze ring
 82553 | Slime:5  | Got a slimy rune of Zot
 82575 | Slime:5  | Identified the +1 pair of boots of Ciejyplo {rElec Str+4}
                  | (You found it on level 5 of the Pits of Slime)
 82586 | Slime:5  | Identified the ring of Finality {+Inv rPois rF++ rC- Dex+4}
                  | (You found it on level 5 of the Pits of Slime)
 82600 | Slime:5  | Identified the amulet "Pibamey" {Regen+ Dex+3 Stlth+} (You
                  | found it on level 5 of the Pits of Slime)
 82601 | Slime:5  | Identified the ring "Rovud" {Wiz rElec rF+ Str+8 Dex-3}
                  | (You found it on level 5 of the Pits of Slime)
 83218 | Crypt:1  | Entered Level 1 of the Crypt
 83363 | Crypt:1  | Reached skill level 27 in Fighting
 84348 | Crypt:2  | Lost mutation: Your natural rate of healing is unusually
                  | fast. [Jiyva's grace]
 84418 | Crypt:2  | Found a magical portal.
 84423 | WizLab   | Entered The Roulette of Golubria
 84423 | WizLab   | Found a transporter.
 84528 | WizLab   | Found a transporter.
 84531 | WizLab   | Found a transporter.
 84534 | WizLab   | Lost mutation: You are occasionally teleported next to
                  | monsters. [Jiyva's power]
 84771 | WizLab   | Found a transporter.
 84771 | WizLab   | Found a transporter.
 84800 | WizLab   | Found a transporter.
 84800 | WizLab   | Found a transporter.
 84809 | WizLab   | Identified Golubria's Reference Book on the Compass
 84817 | WizLab   | Found a transporter.
 84817 | WizLab   | Found a transporter.
 84846 | WizLab   | Found a transporter.
 84846 | WizLab   | Found a transporter.
 84931 | WizLab   | Found a corrupted altar of Lugonu.
 84936 | WizLab   | Reached skill level 1 in Translocations
 84937 | WizLab   | Found a transporter.
 84942 | WizLab   | Found a transporter.
 84952 | WizLab   | Found a transporter.
 85066 | WizLab   | Got a twisted cloak
 85105 | WizLab   | Identified the +3 cloak of Barnacled Liberty {*Corrode rN+
                  | Str+3 SInv} (You found it in a wizard's laboratory)
 85165 | WizLab   | Found a transporter.
 85165 | WizLab   | Found a transporter.
 85201 | WizLab   | Found a transporter.
 85201 | WizLab   | Found a transporter.
 85250 | WizLab   | Found a transporter.
 85250 | WizLab   | Found a transporter.
 85250 | WizLab   | Found a corrupted altar of Lugonu.
 85271 | WizLab   | Found a corrupted altar of Lugonu.
 86278 | Crypt:2  | Gained mutation: Your magical capacity is low. (-10% MP)
                  | [Jiyva's grace]
 86464 | Crypt:3  | Entered Level 3 of the Crypt
 86994 | Crypt:3  | Found an ancient bone altar of Kikubaaqudgha.
 87071 | Crypt:3  | Gained mutation: You can translocate small distances at
                  | will. [Jiyva's grace]
 87169 | Crypt:3  | Identified the Volume of Evil Rituals
 87323 | Crypt:3  | Gained mutation: You are agile. (Dex +2) [Jiyva's grace]
 87802 | Crypt:3  | Reached XP level 27. HP: 267/273 MP: 19/19
 87940 | Crypt:3  | Gained mutation: You are occasionally teleported next to
                  | monsters. [Jiyva's grace]
 88052 | Crypt:3  | Found a staircase to the Tomb.
 88052 | Crypt:3  | Noticed an ancient lich
 88057 | Crypt:3  | Killed an ancient lich
 88083 | Crypt:3  | Identified Ymacw's Catalogue of Hurtful Lightness
 88149 | Crypt:3  | Got a bound platinum ring
 88151 | Crypt:3  | Identified the ring of Daddoeno {rC- rN+ Str+5} (You found
                  | it on level 3 of the Crypt)
 88154 | Crypt:3  | Got a steaming wooden ring
 88155 | Crypt:3  | Identified the ring of Folosaor {rN+ Int+4 Stlth+} (You
                  | found it on level 3 of the Crypt)
 88159 | Crypt:3  | Lost mutation: Your magical capacity is low. (-10% MP)
                  | [Jiyva's power]
 88160 | Crypt:3  | Lost mutation: You are occasionally teleported next to
                  | monsters. [Jiyva's power]
 88237 | Crypt:3  | Gained mutation: Armour fits poorly on your strangely
                  | shaped body. [Jiyva's grace]
 88490 | Tomb:1   | Entered Level 1 of the Tomb of the Ancients
 88789 | Tomb:1   | Gained mutation: You evolve. [Jiyva's grace]
 88841 | Tomb:1   | Noticed an ancient lich
 89068 | Tomb:1   | Acquired a manual of Dodging
 89277 | Tomb:1   | Noticed a royal mummy
 89288 | Tomb:1   | Killed a royal mummy
 89289 | Tomb:1   | Killed an ancient lich
 89366 | Tomb:1   | Gained mutation: You have sharp fingernails. [evolution]
 89367 | Tomb:1   | Lost mutation: Armour fits poorly on your strangely shaped
                  | body. [Jiyva's power]
 90139 | Tomb:2   | Noticed a royal mummy
 90145 | Tomb:2   | Noticed a royal mummy
 90148 | Tomb:2   | Killed a royal mummy
 90149 | Tomb:2   | Noticed a royal mummy
 90149 | Tomb:2   | Noticed a royal mummy
 90161 | Tomb:2   | Killed a royal mummy
 90161 | Tomb:2   | Killed from afar by a mummy priest

Illustrated notes

Levels and vault maps discovered:
D:1:      dpeg_arrival_pits, layout_rooms, corner_web_ring,
          amcnicky_mini_corridor_feature
D:2:      layout_basic, chequers_ecumenical_altar_twisty,
          minmay_misc_feat_pillars, st_stairs_3
D:3:      layout_rooms, lemuel_round_altar, grunt_temple_overflow_open,
          wad_rectangle_vault, uniq_crazy_yiuf_cottage
D:4:      layout_rooms, minmay_divided_ellipse
D:5:      layout_loops_ring
D:6:      layout_cave_pools, serial_shops, shop, shop,
          nicolae_shop_overgrown_old_shop, nicolae_shop_crystal
D:7:      layout_cave_pools, temple_pool_b, enter_ossuary_2, enter_bailey_3,
          minmay_the_grid_2x2 [minmay_the_grid_tree, minmay_the_grid_doors,
          minmay_the_grid_plusring, minmay_the_grid_prize_trominoes]
D:8:      layout_loops_ring, basic_altar, serial_shops, shop_fountains,
          uniq_maurice
D:9:      layout_basic, lair_entry_dummy
D:10:     layout_loops_ring, orc_0_dummy, gammafunk_ghost_mausoleum, uniq_grum,
          uniq_josephine, uniq_joseph
D:11:     layout_irregular_city
D:12:     cheibrodos_tormentor_scu, layout_small_grid, yredelemnul_altar_generic
D:13:     layout_cave_pools, portal_ice_cave_entry_animals_and_master,
          enter_trove_2, bh_walls_and_bars, uniq_sonja
D:14:     layout_roguey, hangedman_vaults_entry_quadrant_bands,
          infiniplex_staircase_pillars_3b, serial_shops, shop_fountains,
          kennysheep_little_box, shop_statue, shop, shop_fountains
D:15:     grunt_enter_depths_giant_problem, layout_loops_corners,
          minmay_misc_feat_secret_circle
Lair:1:   statuecave_lemuel, layout_cave_pods, grunt_megastairs_2,
          infiniplex_staircase_pool
Lair:2:   layout_regular_city, elwin_shoals_entry_rocks,
          guppyfry_snake_entry_garden, gammafunk_ghost_grave, enter_volcano_3
Lair:3:   layout_roguey, basic_altar, minmay_lair_oklob_chamber, uniq_rupert,
          uniq_gastronok
Lair:4:   gammafunk_boulding_lane, layout_regular_city,
          amcnicky_mini_pool_medium, grunt_megastairs_5
Lair:5:   layout_cave_pods, slime_altar_1, serial_bayou_shore_a
Lair:6:   grunt_lair_end_beastmaster, layout_cave_pods, lemuel_fruit_tree,
          grunt_megastairs_3, lemuel_fruit_fields, serial_bayou_shore_b,
          infiniplex_staircase_pool_2
Shoals:1: layout_shoals, ldierk_geyser
Shoals:2: layout_shoals, nicolae_shoals_isolated_beach, uniq_nikola
Shoals:3: layout_shoals, serial_shops, statue_bzr, nicolae_shop_waterfront
Shoals:4: shoals_end_simple, layout_shoals, uniq_aizul
Snake:1:  layout_honeycomb, serial_shops, nicolae_shop_statue_plus, drop_trap,
          nicolae_snake_lava_pool
Snake:2:  layout_chambers, drop_trap
Snake:3:  layout_layer_cave, nrook_guardian_serpent_ordinary, grunt_megastairs_4
Snake:4:  snake_pit, layout_cave_town, serial_shops, shop,
          gammafunk_ghost_split, serial_bayou_shore_b, minmay_shop_star,
          uniq_vashnia
Slime:1:  layout_caves
Slime:2:  layout_caves
Slime:3:  cheibrodos_slime_lost_civilization_2, layout_caves,
          cheibrodos_slime_lost_civilization_4
Slime:4:  layout_caves
Slime:5
Orc:1:    layout_caves
Orc:2:    st_orc_rangers, layout_caves
Elf:1:    elf_arrival_001, layout_gridlike, hangedman_elf_disciples,
          minivault_14, minivault_19, uniq_kirke
Elf:2:    layout_loops_corners, basic_altar, serial_shops, shop, abandoned_shop,
          grunt_ministairs_3
Elf:3:    minmay_elf_hall_spiked, layout_loops_corners, kilobyte_rumbling_trees,
          uniq_mara
Vaults:1: nicolae_vaults_mini_display_case, dpeg_vaults_monster_box,
          ontoclasm_vaults_ring_square, nicolae_vaults_c_with_doors,
          ontoclasm_vaults_eye, nicolae_vaults_little_squares_6,
          vaults_dpeg_ring, layout_vaults_big_room,
          portal_desolation_entry_nicolae_slug, serial_shops,
          nicolae_shop_overgrown_old_shop
Vaults:2: nicolae_vaults_rhombus_6, nicolae_vaults_what_the_h, st_cross,
          nicolae_vaults_little_squares_1, nicolae_vaults_little_squares_6,
          nicolae_vaults_windows_and_doors_thing, grunt_vaults_bifocal,
          vaults_mumra_chevron, hangedman_vaults_stream,
          minmay_crypt_entry_simple_plaza, nicolae_vaults_little_squares_6,
          hangedman_vaults_impose, vaults_room_hallway,
          ontoclasm_vaults_gateway, ontoclasm_vaults_chip,
          layout_vaults_big_cross
Vaults:3: ontoclasm_vaults_fault, vaults_room_grid, v_misc_9,
          vaults_dpeg_spiral, hangedman_vaults_snaps, ontoclasm_vaults_ligature,
          dpeg_vaults_waves, hangedman_vaults_stretched_pinwheel, v_misc_17,
          grunt_vaults_focal, v_rooms_2, vaults_mumra_chevron_long,
          vaults_room_stairs_pillars, layout_vaults_maze, serial_shops,
          nicolae_shop_statue_plus
Vaults:4: v_misc_14, vaults_room_fancy_cross, v_misc_27,
          vaults_dpeg_encased_lava, kb_rosetta, v_misc_3, nicolae_vaults_big_ls,
          v_pattern_4, nicolae_vaults_network_square,
          ontoclasm_vaults_loading_screen, v_misc_9, hangedman_vaults_impose,
          hangedman_vaults_impose, nicolae_vaults_little_ls,
          ontoclasm_vaults_twist, vaults_dpeg_hooks, layout_vaults_omnibox
Vaults:5: serial_shops
Crypt:1:  layout_catacombs, lemuel_nasty_fountain,
          roderic_lattice_octagonal_star
Crypt:2:  layout_chaotic_city, mu_enter_wizlab_2
Crypt:3:  grunt_crypt_end_deaths_head
Tomb:1
Tomb:2
Depths:1: dpeg_oklob_gauntlet, layout_cross, grunt_metal_band, abyss_entry,
          chequers_serial_rivers_small_3, evilmike_minifort, minmay_shoptagon,
          uniq_bai_suzhen, uniq_enchantress
Depths:2: minmay_fractal_lines_corner, layout_honeycomb,
          grunt_hell_entry_dis_old, kennysheep_minor_cross,
          minmay_staircase_windowed_small, firewood_loft, minmay_shop_grove,
          grunt_megastairs_1
Depths:3: minmay_tearing_corner, layout_cave_pools, grunt_pan_entry_in_and_out,
          hell_entry, minmay_misc_feat_rows, grunt_absolute_annihilation,
          infiniplex_staircase_door_maze
Depths:4: minmay_eyes, layout_basic, enter_ziggurat_c, abyss_entry,
          serial_bayou_ford_a, pf_coc_iceberg, uniq_margery
Depths:5: grunt_zot_entry_pinwheel, layout_cave_pools, pf_hell_entry_tar_river,
          grunt_decor_arrowhead

Skill      XL: |  1  2  3  4  5  6  7  8  9 10 11 12 13 14 15 16 17 18 19 20 21 22 23 24 25 26 27 |
---------------+----------------------------------------------------------------------------------+-----
Long Blades    | 4 5 6 7 12 15 18 20 | 20.0
Armour         | 4 6 9 10 11 14 16 20 21 | 21.8
Dodging        | 3 6 9 11 13 14 16 18 19 20 21 | 21.9
Fighting       | 6 10 12 14 17 18 20 21 25 27 | 27.0
Shields        | 7 10 15 18 | 18.7
Axes           | 2 3 10 17 20 23 24 25 26 | 26.0
Evocations     | 9 |  9.0
Translocations | 3 |  3.0

Action                   |  1- 3 |  4- 6 |  7- 9 | 10-12 | 13-15 | 16-18 | 19-21 | 22-24 | 25-27 || total
-------------------------+-------+-------+-------+-------+-------+-------+-------+-------+-------++-------
Melee: Falchion          |    42 |       |       |       |       |       |       |       |       ||    42
       Headbutt          |     8 |    19 |    85 |    65 |   193 |   254 |   402 |   362 |   425 ||  1813
       Dagger            |    19 |   124 |   266 |       |       |       |       |       |       ||   409
       Katana            |       |       |    90 |   327 |   685 |   841 |  1107 |   814 |   474 ||  4338
       Great sword       |       |       |       |       |    14 |       |       |       |       ||    14
       Double sword      |       |       |       |       |    26 |       |     9 |    30 |       ||    65
       Broad axe         |       |       |       |       |       |       |    27 |    91 |    23 ||   141
       Executioner's axe |       |       |       |       |       |       |       |    75 |   545 ||   620
Invok: Berserk           |     1 |     5 |    15 |    27 |    31 |    27 |    21 |    35 |    13 ||   175
       Trog's Hand       |       |       |     1 |     4 |     8 |     3 |     3 |     9 |     4 ||    32
       Brothers in Arms  |       |       |       |     2 |     1 |     1 |       |     2 |     3 ||     9
       Request Jelly     |       |       |       |       |       |       |       |       |     8 ||     8
       Cure Bad Mutation |       |       |       |       |       |       |       |       |    10 ||    10
       Slimify           |       |       |       |       |       |       |       |       |     1 ||     1
 Abil: Evoke Flight      |       |       |       |       |       |     7 |       |     4 |       ||    11
       Stop Flying       |       |       |       |       |       |     1 |       |       |       ||     1
Evoke: Wand              |       |       |       |       |       |    20 |       |       |     1 ||    21
       Tin of tremorston |       |       |       |       |       |     2 |     3 |     6 |     2 ||    13
       Phial of floods   |       |       |       |       |       |     1 |     1 |       |       ||     2
       Phantom mirror    |       |       |       |       |       |     1 |       |     2 |       ||     3
       Condenser vane    |       |       |       |       |       |       |     2 |     3 |     2 ||     7
       Lightning rod     |       |       |       |       |       |       |     2 |     3 |     1 ||     6
  Use: Scroll            |       |    12 |     7 |    11 |     5 |     8 |     2 |     2 |    14 ||    61
       Potion            |       |       |       |       |    10 |     4 |     1 |       |    14 ||    29
 Stab: Petrified         |       |       |       |       |     6 |       |       |       |       ||     6
       Petrifying        |       |       |       |       |     1 |       |       |       |       ||     1
       Confused          |       |       |       |       |       |     1 |       |     1 |       ||     2
       Distracted        |       |       |       |       |       |       |     1 |       |     1 ||     2
       Invisible         |       |       |       |       |       |       |       |       |     3 ||     3
Armor: Animal skin       |     3 |       |       |       |       |       |       |       |       ||     3
       Ring mail         |    13 |       |       |       |       |       |       |       |       ||    13
       Plate armour      |     9 |    49 |   145 |   140 |   246 |    83 |   262 |    42 |       ||   976
       Scale mail        |       |       |       |       |     7 |   162 |       |       |       ||   169
       Pearl dragon scal |       |       |       |       |       |       |       |   115 |   104 ||   219
       Gold dragon scale |       |       |       |       |       |       |       |       |   182 ||   182
Dodge: Dodged            |    31 |    17 |   146 |   116 |   323 |   493 |   495 |   363 |   505 ||  2489
Block: Other             |       |    21 |    48 |       |       |       |       |       |       ||    69
       Reflection        |       |     1 |       |       |       |       |       |       |       ||     1
       Buckler           |       |       |       |       |    90 |   190 |    69 |       |       ||   349
       Kite shield       |       |       |       |       |       |       |   410 |   342 |   213 ||   965
       Rpst.: Falchion   |     6 |       |       |       |       |       |       |       |       ||     6
       Katana            |       |       |     9 |    30 |    98 |   155 |   147 |    98 |    74 ||   611
       Great sword       |       |       |       |       |     2 |       |       |       |       ||     2
       Double sword      |       |       |       |       |     3 |       |     5 |     5 |       ||    13
       Broad axe         |       |       |       |       |       |       |     1 |     5 |       ||     6
       Executioner's axe |       |       |       |       |       |       |       |     7 |    70 ||    77
